 Dungeon Crawl Stone Soup version 0.19.0-9-gfd783f2 (webtiles) character file.

16 mistymad the Ruffian (level 2, -2/25 HPs)
             Began as a Naga Transmuter on Nov 7, 2016.
             Slain by a leopard gecko (5 damage)
             ... on level 1 of the Dungeon.
             The game lasted 00:01:34 (787 turns).

mistymad the Ruffian (Naga Transmuter)               Turns: 787, Time: 00:01:35

Health: -2/25      AC:  1    Str: 12    XL:     2   Next: 54%
Magic:  4/5        EV: 10    Int: 13    God:
Gold:   64         SH:  0    Dex: 11    Spells: 2 memorised, 2 levels left

rFire  . . .     SeeInvis +       - Unarmed
rCold  . . .     Gourm    .     b - +0 robe
rNeg   . . .     Faith    .     (no shield)
rPois  +         Spirit   .     (no helmet)
rElec  .         Reflect  .     (no cloak)
rCorr  .         Harm     .     (no gloves)
MR     .....                    (no barding)
Stlth  +.........               (no amulet)
                                (no ring)
                                (no ring)

@: appendage, very slow
A: horns 2, see invisible, deformed body, poison resistance, slowness 2, slow
metabolism 1, spit poison 1, AC +0
a: Spit Poison, End Transformation


You were on level 1 of the Dungeon.
You were not hungry.
You had grown temporary horns.
You visited 1 branch of the dungeon, and saw 1 of its levels.

You collected 64 gold pieces.

Inventory:

Missiles
 a - 27 arrows
Armour
 b - a +0 robe (worn)
Scrolls
 e - a scroll of enchant weapon {unknown}
 g - a scroll of identify {unknown}
Potions
 h - a potion of flight {unknown}
Books
 c - a book of Changes

   Spells                             Type                      Level
   a - Beastly Appendage              Transmutation                1
   b - Sticks to Snakes               Transmutation                2
   c - Spider Form                    Transmutation/Poison         3
   d - Ice Form                       Ice/Transmutation            4
   e - Blade Hands                    Transmutation                5
Comestibles
 d - a bread ration
 f - a chunk of flesh
 i - 2 beef jerkies


   Skills:
 - Level 1.0 Fighting
 - Level 1.5 Dodging
 + Level 3.2 Unarmed Combat
 + Level 2.1 Spellcasting
 + Level 2.6 Transmutations


You had 2 spell levels left.
You knew the following spells:

 Your Spells              Type           Power        Failure   Level  Hunger
a - Beastly Appendage     Tmut           #.....       10%         1    ##.....
b - Sticks to Snakes      Tmut           #.......     14%         2    ###....


Dungeon Overview and Level Annotations

Branches:
Dungeon (1/15)

Altars:


Innate Abilities, Weirdness & Mutations

You cannot wear boots.
Your serpentine skin is tough. (AC +0)
You have supernaturally acute eyesight. (SInv)
Armour fits poorly on your strangely shaped body.
Your system is resistant to poisons. (rPois)
You cover ground very slowly.
You have a slow metabolism.
You can spit poison.
You have a pair of horns on your head.


Message History

You take 4 damage, and have 12/25 hp.
You closely miss the leopard gecko. Your headbutt misses the leopard gecko.
The leopard gecko bites you.
You take 1 damage, and have 11/25 hp.
You hit the leopard gecko. Your headbutt misses the leopard gecko.
The leopard gecko is severely wounded.
The leopard gecko barely misses you.
You hit the leopard gecko but do no damage.
The leopard gecko is severely wounded.
The leopard gecko bites you.
* * * LOW HITPOINT WARNING * * *
You take 4 damage, and have 7/25 hp.
Unknown command.
Unknown command.
You hit the leopard gecko but do no damage.
The leopard gecko is severely wounded.
The leopard gecko bites you.
* * * LOW HITPOINT WARNING * * *
The leopard gecko bites you.
You die...

#....########......
#...[..............
#.......#...........
#.......#...........
#.......#..)......##
#.................#.
###.#.###...........
###.....##..........#
#...@...##...........
#...l...#####.......#
#...>...............#
#....#.#######..###.#
#.....................
#.......#######..###.#
#.......# #####......#
#.......###..........#
#.......##............


You could see a leopard gecko.

Vanquished Creatures
  A leopard gecko (D:1)
  2 ball pythons (D:1)
  2 bats (D:1)
  2 giant cockroaches (D:1)
  A frilled lizard (D:1)
  5 kobolds (D:1)
  2 rats (D:1)
15 creatures vanquished.

Notes
Turn   | Place    | Note
-------+----------+-------------------------------------------
     0 | D:1      | mistymad the Naga Transmuter began the quest for the Orb.
     0 | D:1      | Reached XP level 1. HP: 18/18 MP: 3/3
    49 | D:1      | Reached XP level 2. HP: 18/25 MP: 3/5
   380 | D:1      | Learned a level 2 spell: Sticks to Snakes
   787 | D:1      | Slain by a leopard gecko

Action                   || total
-------------------------++-------
Melee: Unarmed           ||    34
       Headbutt          ||     2
 Cast: Beastly Appendage ||    10
 Abil: Spit Poison       ||    11
Armor: Robe              ||     1
Dodge: Dodged            ||    30
